 Dungeon Crawl Stone Soup version 0.18.1-1-g2f07953 (webtiles) character file.

6683 epen the Schismatic (level 10, -18/77 HPs)
             Began as a Demonspawn Abyssal Knight on May 6, 2016.
             Was an Elder of Lugonu.
             Demolished by a komodo dragon (32 damage)
             ... on level 10 of the Dungeon.
             The game lasted 00:22:29 (13425 turns).

epen the Schismatic (Demonspawn Abyssal Knight)    Turns: 13425, Time: 00:22:30

Health: -18/77     AC:  5    Str: 15    XL:     10   Next: 73%
Magic:  11/11      EV: 15    Int: 18    God:    Lugonu [****..]
Gold:   531        SH:  0    Dex: 19    Spells: 0 memorised, 9 levels left

rFire  + + +     SeeInvis +     E - +1 falchion of Ru's Approval {pain, Int+4 Dex+4 Stlth+}
rCold  . . .     Gourm    .     M - +0 ring mail "Pumesche" {-Tele rF++ MP-9 Dex+2}
rNeg   . . .     Faith    .     (no shield)
rPois  +         Spirit   .     (helmet restricted)
rElec  .         Dismiss  .     (no cloak)
rCorr  .         Reflect  .     A - +0 pair of gloves
SustAt +         Harm     .     (no boots)
MR     .....     NoTele   +     (no amulet)
Stlth  ++........               P - ring of teleportation (curse)
                                h - ring of sustain attributes

@: not resistant to hostile enchantments, unstealthy
A: antennae 1, claws 2, hooves 2, see invisible, deformed body, fire resistance
1, high mp 1, mutation resistance 1, poison resistance, spiny 2
a: Depart the Abyss, Bend Space, Banish, Corrupt, Renounce Religion


You were on level 10 of the Dungeon.
You worshipped Lugonu.
Lugonu was greatly pleased with you.
You were not hungry.

You visited 1 branch of the dungeon, and saw 11 of its levels.
You visited the Abyss 1 time.

You collected 531 gold pieces.

Inventory:

Hand Weapons
 a - a +2 short sword
 E - the +1 falchion of Ru's Approval (weapon) {pain, Int+4 Dex+4 Stlth+}
   (You found it on level 6 of the Dungeon)

   In the hands of one skilled in necromantic magic, it inflicts extra damage on
   living creatures.
   It affects your intelligence (+4).
   It affects your dexterity (+4).
   It makes you more stealthy.
Armour
 b - a +0 leather armour
 l - a +0 ring mail
 v - a +1 scale mail
 A - a +0 pair of gloves (worn)
 I - a +0 ring mail of poison resistance
 M - the +0 ring mail "Pumesche" (worn) {-Tele rF++ MP-9 Dex+2}
   (You found it on level 7 of the Dungeon)

   It affects your dexterity (+2).
   It greatly protects you from fire.
   It affects your magic capacity (-9).
   It prevents most forms of teleportation.
Magical Staves
 w - an uncursed staff of earth
Jewellery
 h - a ring of sustain attributes (left hand)
 F - an uncursed ring of ice
 G - an uncursed ring of fire
 L - an uncursed ring of wizardry
 P - a cursed ring of teleportation (right hand)
 Q - a +2 ring of dexterity {unknown}
 R - a +4 ring of slaying {unknown}
Wands
 j - a wand of flame (30/48)
 p - a wand of digging (1/24)
 r - a wand of flame (39/48)
 s - a wand of enslavement (12/24)
 u - a wand of iceblast (6/15)
 x - a wand of slowing (18/48)
 y - a wand of iceblast (7/15)
 C - a wand of hasting (6/9)
 D - a wand of acid (6/15)
 O - a wand of enslavement (11/24)
Scrolls
 d - 3 scrolls of teleportation
 e - a scroll of enchant weapon
 g - 2 scrolls of immolation
 m - 2 scrolls of blinking
 T - a scroll of amnesia {unknown}
Potions
 f - 2 potions of cure mutation
 k - 2 potions of flight
 n - 2 potions of lignification
 q - 2 potions of magic {unknown}
 t - a potion of heal wounds {unknown}
 z - a potion of haste {unknown}
 B - 5 potions of curing
 H - 2 potions of agility
 K - 2 potions of brilliance {unknown}
 S - 2 potions of degeneration {unknown}
Books
 i - Dalur's Catalogue of Calling
   (You found it on level 11 of the Dungeon)

   Spells                             Type                      Level
   a - Aura of Abjuration             Summoning                    5
   b - Dragon's Call                  Summoning                    9
 N - a book of Dreams

   Spells                             Type                      Level
   a - Ensorcelled Hibernation        Hexes/Ice                    2
   b - Silence                        Hexes/Air                    5
   c - Darkness                       Hexes                        6
   d - Shadow Creatures               Summoning                    6
Comestibles
 c - 10 bread rations
 o - 2 meat rations
 J - 4 fruits


   Skills:
 + Level 6.9 Fighting
 * Level 8.2 Short Blades
 + Level 6.0 Armour
 * Level 6.4 Dodging
 * Level 10.9 Invocations


You had 9 spell levels left.
You didn't know any spells.

Dungeon Overview and Level Annotations

Branches:
Dungeon (11/15)            Temple (0/1) D:4            Lair (0/8) D:10
    Orc: D:9-12

Altars:
Dithmenos
Pakellas
Vehumet
Xom
Zin

Annotations:
D:2 Sigmund
D:6 2 runed doors


Innate Abilities, Weirdness & Mutations

You have a pair of small antennae on your head.
You have very sharp fingernails.
You have hoof-like feet.
Your flesh is heat resistant.
You are mostly covered in sharp spines.
You have supernaturally acute eyesight.
Armour fits poorly on your strangely shaped body.
You have an increased reservoir of magic (+10% MP).
You are somewhat resistant to further mutation.
Your system is resistant to poisons.


Message History

The plant is destroyed!
You hit the komodo dragon but do no damage.
You kick the komodo dragon, but do no damage.
The komodo dragon is struck by your spines.
The komodo dragon bites you!!
You hit the komodo dragon but do no damage.
The komodo dragon is lightly wounded.
The komodo dragon is struck by your spines.
The komodo dragon bites you!!
You barely miss the komodo dragon.
You kick the komodo dragon, but do no damage.
The komodo dragon is heavily wounded.
The komodo dragon bites you!
* * * LOW HITPOINT WARNING * * *
You are too injured to fight recklessly!
You hit the komodo dragon. Your kick misses the komodo dragon.
The komodo dragon is heavily wounded.
The komodo dragon is struck by your spines.
The komodo dragon bites you!!
You die... ########## ##PPPPPPPPP## ##PPPPPP...PP#

#..PPPP..>.PP#
.....PPP...PP#
###
.......PPPlPP#
....
#......PPP@P#
####
#...P..P..## .
##.....### ##
#.##.##.#
.##....#
.#####.# ##.#
#..#
########..##
#.##
...........#
#.#


You could see a komodo dragon.

Vanquished Creatures
  A wyvern (D:9)
  4 yaks (D:9)
  2 hippogriffs
  3 hungry ghosts
  A water moccasin (D:9)
  An ice beast (D:8)
  An eye of draining (D:9)
  A black bear (D:8)
  2 sky beasts
  2 phantoms
  4 ogres
  6 centaurs
  A big kobold (D:9)
  3 giant frogs (D:8)
  A wyvern skeleton (D:9)
  2 scorpions
  10 killer bees
  3 howler monkeys
  3 wights (D:9)
  2 centaur zombies
  A giant frog zombie (D:9)
  3 crimson imps
  7 orc priests
  3 hounds
  2 jellies
  4 giant frog skeletons
  5 iguanas
  8 orc wizards
  Natasha (thrice) (D:2)
  12 worker ants
  2 killer bee zombies
  2 hound skeletons
  5 adders
  2 shadow imps
  3 oozes
  2 adder skeletons
  An adder zombie (D:5)
  2 worms
  2 dart slugs
  6 giant geckos
  27 orcs
  12 giant cockroaches
  8 goblins
  7 hobgoblins
  14 jackals
  7 quokkas
  4 bats
  A giant gecko skeleton (D:5)
  7 giant newts
  A jackal skeleton (D:4)
  10 kobolds
  A quokka skeleton (D:5)
  8 rats
235 creatures vanquished.

Vanquished Creatures (others)
  The ghost of Vidiiot the Cleaver, a novice HOGl (D:7)
  2 yaks
  An orc warrior (D:7)
  A phantom (D:5)
  An ogre (D:5)
  A plant (D:10)
7 creatures vanquished.

Grand Total: 242 creatures vanquished

Notes
Turn   | Place    | Note
--------------------------------------------------------------
     0 | Abyss:1  | epen the Demonspawn Abyssal Knight began the quest for the Orb.
     0 | Abyss:1  | Reached XP level 1. HP: 18/18 MP: 2/2
    51 | Abyss:1  | Noticed a thrashing horror
    54 | D:1      | Escaped the Abyss
    78 | D:1      | Reached skill level 1 in Dodging
    93 | D:1      | Reached * piety under Lugonu
   124 | D:1      | Gained mutation: Your flesh is heat resistant. [demonic ancestry]
   124 | D:1      | Reached XP level 2. HP: 23/24 MP: 3/3
   558 | D:1      | Reached XP level 3. HP: 28/29 MP: 5/5
   700 | D:2      | Noticed Sigmund
   910 | D:2      | Found a faded altar to an unknown god.
   978 | D:2      | Reached ** piety under Lugonu
  1046 | D:2      | You fall through a shaft!
  1948 | D:2      | Noticed Natasha
  1957 | D:2      | Killed Natasha
  1957 | D:2      | Reached skill level 3 in Invocations
  1957 | D:2      | Gained mutation: You are partially covered in sharp spines. [demonic ancestry]
  1957 | D:2      | Reached XP level 4. HP: 14/35 MP: 6/6
  2183 | D:2      | Noticed Natasha
  2188 | D:2      | Killed Natasha
  2911 | D:3      | Gained mutation: You have sharp fingernails. [demonic ancestry]
  2911 | D:3      | Reached XP level 5. HP: 41/41 MP: 7/7
  2922 | D:3      | Reached skill level 4 in Invocations
  3073 | D:4      | Reached *** piety under Lugonu
  3152 | D:4      | Gained mutation: You have a pair of small antennae on your head. [demonic ancestry]
  3152 | D:4      | Reached XP level 6. HP: 47/48 MP: 9/9
  3291 | D:4      | Found a staircase to the Ecumenical Temple.
  3386 | D:4      | Reached skill level 5 in Invocations
  3820 | D:5      | Entered Level 5 of the Dungeon
  3854 | D:5      | Gained mutation: You have very sharp fingernails. [demonic ancestry]
  3854 | D:5      | Reached XP level 7. HP: 9/54 MP: 9/11
  4651 | D:5      | Reached skill level 6 in Invocations
  5153 | D:5      | Reached **** piety under Lugonu
  5168 | D:5      | Found a shadowy altar of Dithmenos.
  5201 | D:5      | HP: 2/55 [phantom (6)]
  5516 | D:5      | Gained mutation: You have large cloven feet. [demonic ancestry]
  5516 | D:5      | Reached XP level 8. HP: 17/61 MP: 12/12
  6043 | D:2      | Noticed Natasha
  6055 | D:2      | Killed Natasha
  6337 | D:6      | Reached skill level 5 in Short Blades
  6337 | D:6      | Reached skill level 7 in Invocations
  6508 | D:6      | Found a runed door.
  6529 | D:6      | Found a runed door.
  6778 | D:6      | Got an encrusted falchion
  6780 | D:6      | Identified the cursed +1 falchion of Ru's Approval {pain, Int+4 Dex+4 Stlth+} (You found it on level 6 of the Dungeon)
  7021 | D:6      | Reached skill level 5 in Fighting
  7458 | D:7      | Found a shimmering altar of Xom.
  7458 | D:7      | Found a radiant altar of Vehumet.
  7464 | D:7      | Found a glowing silver altar of Zin.
  7464 | D:7      | Found a shadowy altar of Dithmenos.
  7687 | D:7      | Gained mutation: You have an increased reservoir of magic (+10% MP). [mutagenic meat]
  7688 | D:7      | Gained mutation: Your system is resistant to poisons. [mutagenic meat]
  7689 | D:7      | Gained mutation: Your body sometimes deteriorates upon taking damage. [mutagenic meat]
  7825 | D:7      | Reached skill level 8 in Invocations
  8373 | D:7      | Gained mutation: You are mostly covered in sharp spines. [demonic ancestry]
  8373 | D:7      | Reached XP level 9. HP: 36/68 MP: 16/16
  8591 | D:7      | Noticed Vidiiot's ghost (novice HOGl)
  8594 | D:7      | Banished Vidiiot's ghost
  9113 | D:7      | Got a smelly ring mail
  9132 | D:7      | Identified the +0 ring mail "Pumesche" {-Tele rF++ MP-9 Dex+2} (You found it on level 7 of the Dungeon)
  9449 | D:7      | Lost mutation: Your body sometimes deteriorates upon taking damage. [potion of mutation]
  9449 | D:7      | Gained mutation: Armour fits poorly on your strangely shaped body. [potion of mutation]
  9449 | D:7      | Gained mutation: You have supernaturally acute eyesight. [potion of mutation]
  9450 | D:7      | Gained mutation: Your natural rate of healing is unusually fast. [potion of mutation]
  9451 | D:7      | Lost mutation: Your natural rate of healing is unusually fast. [potion of mutation]
  9451 | D:7      | Gained mutation: You are somewhat resistant to further mutation. [potion of mutation]
  9548 | D:8      | Reached skill level 9 in Invocations
  9563 | D:8      | Reached skill level 5 in Armour
  9997 | D:8      | Found an oddly glowing altar of Pakellas.
 10039 | D:8      | Reached skill level 5 in Dodging
 10722 | D:8      | Gained mutation: You have hoof-like feet. [demonic ancestry]
 10722 | D:8      | Reached XP level 10. HP: 70/76 MP: 10/19
 10829 | D:9      | Reached ***** piety under Lugonu
 11066 | D:9      | Reached skill level 10 in Invocations
 12076 | D:10     | Entered Level 10 of the Dungeon
 12932 | D:10     | Noticed a hill giant
 12932 | D:10     | Noticed a hill giant
 12955 | D:10     | Banished a hill giant
 13323 | D:11     | Identified Dalur's Catalogue of Calling
 13411 | D:10     | Found a staircase to the Lair.
 13425 | D:10     | Demolished by a komodo dragon

Skill      XL: |  1  2  3  4  5  6  7  8  9 10 |
---------------+-------------------------------+-----
Dodging        | 1 2 3 4 5 6 |  6.4
Short Blades   | 2 3 4 6 7 8 |  8.2
Armour         | 2 3 4 5 6 |  6.0
Invocations    | 3 4 5 6 8 9 10 | 10.9
Fighting       | 4 5 6 |  6.9

Action                   |  1- 3 |  4- 6 |  7- 9 | 10-12 || total
-------------------------+-------+-------+-------+-------++-------
Melee: Short sword       |   142 |   114 |   134 |       ||   390
       Falchion          |       |       |   208 |   163 ||   371
       Kick              |       |       |    86 |    75 ||   161
Invok: Depart the Abyss  |     1 |       |       |       ||     1
       Banish            |       |       |     5 |     4 ||     9
  Use: Scroll            |       |       |    12 |     3 ||    15
       Potion            |       |       |     3 |       ||     3
 Stab: Sleeping          |       |       |     1 |       ||     1
  Eat: Chunk             |     4 |     6 |    22 |     4 ||    36
       Pizza             |       |       |     1 |       ||     1
       Beef jerky        |       |       |     2 |       ||     2
       Meat ration       |       |       |     1 |     1 ||     2
       Bread ration      |       |       |       |     1 ||     1
Armor: Leather armour    |    23 |       |       |       ||    23
       Ring mail         |    23 |    13 |    26 |    16 ||    78
       Scale mail        |       |     9 |    83 |       ||    92
Dodge: Dodged            |    77 |    48 |   179 |   117 ||   421
